 Dungeon Crawl Stone Soup version 0.28-a0-1038-g9c4cb8273d (webtiles) character file.

Game seed: 14294064524266974050

170 ytrimaz the Insei (level 5, -2/35 HPs)
             Began as an Octopode Transmuter on Dec 8, 2021.
             Was an Initiate of Ashenzari.
             Killed from afar by Ijyb (10 damage)
             ... with a puff of flame
             ... on level 3 of the Dungeon.
             The game lasted 00:04:43 (2929 turns).

ytrimaz the Insei (Octopode Transmuter)             Turns: 2929, Time: 00:04:44

Health: -2/35      AC:  2    Str:  9    XL:     5   Next: 51%
Magic:  6/9        EV: 20    Int: 18    God:    Ashenzari [......]
Gold:   115        SH:  0    Dex: 23    Spells: 6/10 levels left

rFire   . . .      SeeInvis .     - Unarmed
rCold   . . .      Faith    .   (shield currently unavailable)
rNeg    . . .      Spirit   .   (helmet currently unavailable)
rPois   x          Reflect  .   (no amulet)
rElec   .          Harm     .   a - +6 ring of dexterity
rCorr   .          Rampage  .   (no ring)
Will    .....                   (no ring)
Stlth   ++........              (no ring)
HPRegen 0.11/turn               (no ring)
MPRegen 0.11/turn               (no ring)
                                (no ring)
                                (no ring)

@: spider-form
A: venomous fangs, almost no armour, (amphibious), 8 rings, tiny, (camouflage
1), (gelatinous body 1), (nimble swimmer 1), (tentacles), (poison resistance)
a: End Transformation, Renounce Religion


You were on level 3 of the Dungeon.
You worshipped Ashenzari.
Ashenzari was noncommittal.
You were a venomous arachnid creature.
You visited 1 branch of the dungeon, and saw 3 of its levels.
You also visited: Sewer.

You collected 115 gold pieces.

Inventory:

Jewellery
 a - a +6 ring of dexterity (left front leg)
Scrolls
 d - a scroll of enchant armour
 e - a scroll of immolation
 h - a scroll of magic mapping
 i - a scroll of fog
 j - a scroll of enchant weapon {unknown}
Potions
 b - 3 potions of mutation
 c - a potion of brilliance
 f - a potion of cancellation {unknown}
 g - a potion of haste {unknown}


   Skills:
 * Level 2.5 Fighting
 * Level 2.6 Dodging
 + Level 3.8 Unarmed Combat
 * Level 3.2 Spellcasting
 * Level 2.5 Transmutations
 + Level 0.2 Poison Magic


You had 6 spell levels left.
You knew the following spells:

 Your Spells              Type           Power      Damage    Failure   Level
a - Beastly Appendage     Tmut           24%        N/A       16%         1
b - Spider Form           Tmut/Pois      7%         N/A       47%         3

Your spell library contained the following spells:

 Spells                   Type           Power      Damage    Failure   Level
 Wereblood                Tmut           12%        N/A       22%         2
 Ice Form                 Ice/Tmut       7%         N/A       85%         4


Dungeon Overview and Level Annotations

Branches:
Dungeon (3/15)              Sewer (visited)

Altars:
Ashenzari
Cheibriados
Okawaru

Shops:
D:3 [

Annotations:
D:2 Robin
D:3 Ijyb


Innate Abilities, Weirdness & Mutations

You are a venomous arachnid creature.
You have poisonous fangs.
You are tiny and dextrous.
Your spellcasting is less reliable in this form.
Your armour is entirely melded.
You are incapable of wielding weapons or throwing items.
You cannot wear most types of armour.
((You are amphibious.))
You can wear up to eight rings at the same time.
((Your skin changes colour to match your surroundings (Stealth+).))
((Your rubbery body absorbs attacks. (AC +1, EV +1)))
((You are camouflaged near water. (Stealth+)))
((You have tentacles for arms and can constrict up to eight enemies at once.))
((Your system is resistant to poisons. (rPois)))


Message History

The kobold hits you with a +0 short sword.
You tentacle-slap the kobold.
You kill the kobold!
You tentacle-slap the endoplasm.
The endoplasm is lightly wounded.
The endoplasm freezes you.
You are frozen.
You barely miss the endoplasm.
The endoplasm is lightly wounded.
The endoplasm misses you.
Okay, then.
You tentacle-slap the endoplasm.
The endoplasm is severely wounded.
The endoplasm hits you.
You tentacle-slap the endoplasm.
You kill the endoplasm!
The endoplasm hits you.
Things that are here:
a +0 short sword; a kobold corpse You tentacle-slap the endoplasm.
The endoplasm is moderately wounded.
The endoplasm freezes you.
You are frozen.
You completely miss the endoplasm. You squeeze the endoplasm.
You kill the endoplasm!
Ijyb the Twisted Goblin comes into view.
She is wielding a +0 club and carrying a wand of flame (18).
You see here a scroll of identify.
Ijyb shouts!
Ijyb is nearby!
Casting: Spider Form (quite dangerous; 26% risk of failure)
Confirm with . or Enter, or press ? or * to list all spells.
The spell is quite dangerous to miscast (26% risk of failure)!
Continue anyway?
You turn into a venomous arachnid creature.
Unknown command.
Ijyb zaps a wand.
The puff of flame hits you!
You hit Ijyb but do no damage.
Ijyb is poisoned.
Ijyb zaps a wand.
The puff of flame hits you.
* * * LOW HITPOINT WARNING * * *
You hit Ijyb but do no damage.
Ijyb zaps a wand.
The puff of flame hits you!
You die...

#.###.>....######...##
#.# #........).......#
..# #...###..........#
.## #...# #......>...# .#
#(..# #########....# .#
#..[##############..
.########..(......... ...
........)........#######.
#########....?..sg......
#...............
#........#######
##########


You could see Ijyb (very poisoned).

Vanquished Creatures
  6 adders
  4 river rats (D:3)
  2 worms (D:3)
  A dart slug (D:1)
  3 orcs (D:3)
  6 ball pythons
  4 endoplasms
  2 giant cockroaches
  5 goblins
  2 hobgoblins (D:3)
  8 jackals
  14 kobolds
  2 quokkas
  4 frilled lizards
  7 rats
70 creatures vanquished.

Vanquished Creatures (others)
  10 plants (Sewer)
10 creatures vanquished.

Grand Total: 80 creatures vanquished

Notes
Turn   | Place    | Note
-------+----------+-------------------------------------------
     0 | D:1      | ytrimaz the Octopode Transmuter began the quest for the
                  | Orb.
     0 | D:1      | Reached XP level 1. HP: 13/13 MP: 3/3
   269 | D:1      | Reached XP level 2. HP: 18/18 MP: 5/5
   914 | D:2      | Noticed Robin
   917 | D:2      | Reached XP level 3. HP: 16/23 MP: 6/6
  1036 | D:3      | Learned a level 3 spell: Spider Form
  1063 | D:3      | Found a snail-covered altar of Cheibriados.
  1067 | D:3      | Found an iron altar of Okawaru.
  1074 | D:3      | Found a broken altar of Ashenzari.
  1082 | D:3      | Became a worshipper of Ashenzari the Shackled
  1256 | D:3      | Found Dyukiy's Armour Shop.
  1404 | D:3      | Reached XP level 4. HP: 8/29 MP: 6/8
  1423 | D:3      | Found a glowing drain.
  1442 | Sewer    | Entered a sewer
  1868 | Sewer    | Gained mutation: Your system is resistant to poisons.
                  | (rPois) [potion of mutation]
  1965 | Sewer    | Reached XP level 5. HP: 22/34 MP: 9/9
  2923 | D:3      | Noticed Ijyb
  2929 | D:3      | Killed from afar by Ijyb

Illustrated notes

Levels and vault maps discovered:
D:1:      denvon_arrival_waterhouse, layout_basic
D:2:      minmay_skewed_foursquare, layout_rooms, nicolae_figureground_sparkle,
          uniq_jessica, uniq_robin, uniq_terence
D:3:      layout_rooms, minmay_overflow_temple_star_quad,
          lightli_sewer_entry_pipes, serial_shops, shop, uniq_natasha, uniq_ijyb

Skill      XL: |  1  2  3  4 |
---------------+-------------+-----
Fighting       | 2 |  2.5
Spellcasting   | 3 |  3.2
Dodging        | |  2.6
Unarmed Combat | |  3.8
Transmutations | |  2.5
Poison Magic   | |  0.2

Action                   |  1- 3 |  4- 6 || total
-------------------------+-------+-------++-------
Melee: Unarmed           |    71 |    98 ||   169
       Tentacles         |    13 |    22 ||    35
       Constrict         |    17 |    28 ||    45
       Kick              |     4 |       ||     4
       Punch             |     2 |     4 ||     6
 Cast: Beastly Appendage |     7 |       ||     7
       Spider Form       |     1 |     1 ||     2
  Use: Potion            |     3 |     1 ||     4
       Scroll            |     4 |     1 ||     5
 Stab: Sleeping          |     6 |     8 ||    14
Armor: Skin              |     5 |     6 ||    11
Dodge: Dodged            |    58 |    56 ||   114

Table legend: (Time is in decaauts)
 A = Elapsed time spent in this place.
 B = Non-inter-level travel time spent in this place.
 C = Inter-level travel time spent in this place.
 D = Time resting spent in this place.
 E = Time spent auto-exploring this place.
 F = Levels seen in this place.
 G = Mean time per level.
                   A        B        C        D        E       F      G
               +--------+--------+--------+--------+--------+-----+--------+
         Total |   2917 |   2885 |     32 |    612 |   1601 |   4 |  729.2 |
       Dungeon |   1874 |   1842 |     32 |    282 |   1092 |   3 |  624.7 |
         Sewer |   1043 |   1043 |      0 |    330 |    509 |   1 | 1043.0 |
               +--------+--------+--------+--------+--------+-----+--------+

Top non-repeatable levels by time:
   Sewer: 1043 daAuts
     D:3: 948 daAuts
     D:1: 851 daAuts
     D:2: 74 daAuts
